General information
- name: BNet
- type: Ladder team game (AT/RT)
- host: Battle.net
- saver: STARWARSJEDI.
map: Cherryville
- players: 8
- length: 22:38
- speed: Fast
- version: 1.26 W3XP
- replay type: Public
» download(147 KB)
Players
team 1 (loser)

»
sadwings[FoW] (
yellow | 67 APM | 1465 actions | 21:52)
5 Mountain King
3 Storm Bolt
1 Bash
1 Thunder Clap
5 Paladin
3 Holy Light
1 Devotion Aura
1 Divine Shield
» actions
| Assign group hotkey | 35 | |
| Basic commands | 184 | |
| Build / train | 62 | |
| Enter build submenu | 26 | |
| Enter hero's abilities submenu | 10 | |
| Give item / drop item | 1 | |
| Right click | 334 | |
| Select / deselect | 197 | |
| Select group hotkey | 526 | |
| Use ability | 90 | |
1465 total
» units
| Peasant | 12 | |
| Dragonhawk Rider | 9 | |
| Gryphon Rider | 6 | |
27 total
» upgrades
| Swords | 2 | |
| Armor | 2 | |
| Lumber Harvesting | 1 | |
| Storm Hammers | 1 | |
| Cloud | 1 | |
| Masonry | 1 | |
| Magic Sentry | 1 | |
9 total
» buildings
| Altar of Kings | 1 | |
| Farm | 11 | |
| Scout Tower | 5 | |
| Lumber Mill | 1 | |
| Arcane Tower | 2 | |
| Keep | 4 | |
| Arcane Vault | 1 | |
| Blacksmith | 1 | |
| Castle | 1 | |
| Gryphon Aviary | 3 | |
| Town Hall | 1 | |
| Guard Tower | 2 | |
| Arcane Sanctum | 1 | |
34 total
» build order
00:10 Altar of Kings
00:17 Farm
01:04 Scout Tower
01:23 Farm
01:30 Lumber Mill
01:36 Arcane Tower
02:00 Farm
02:43 Keep
02:43 Keep
02:43 Keep
02:57 Arcane Vault
03:13 Blacksmith
03:22 Farm
04:02 Farm
04:52 Farm
05:04 Castle
05:12 Gryphon Aviary
05:20 Gryphon Aviary
05:37 Gryphon Aviary
05:40 Farm
10:08 Town Hall
10:19 Farm
10:35 Scout Tower
10:39 Farm
11:01 Scout Tower
11:04 Scout Tower
11:18 Farm
11:21 Farm
13:09 Guard Tower
13:10 Guard Tower
13:11 Scout Tower
13:45 Arcane Sanctum
14:26 Arcane Tower
» items
| Scroll of Town Portal | 1 | |
| Scroll of Regeneration | 1 | |
2 total
msinada (
pink | 23 APM | 510 actions | 22:03)
3 Archmage
2 Summon Water Elemental
1 Brilliance Aura
2 Paladin
1 Divine Shield
1 Devotion Aura
» actions
| Assign group hotkey | 16 | |
| Basic commands | 13 | |
| Build / train | 65 | |
| Enter build submenu | 25 | |
| Enter hero's abilities submenu | 5 | |
| Right click | 104 | |
| Select / deselect | 153 | |
| Select group hotkey | 79 | |
| Use ability | 50 | |
510 total
» units
| Peasant | 9 | |
| Rifleman | 15 | |
| Priest | 13 | |
37 total
» upgrades
| Gunpowder | 3 | |
| Armor | 3 | |
| Long Rifles | 1 | |
| Masonry | 2 | |
| Priest Training | 1 | |
10 total
» buildings
| Altar of Kings | 1 | |
| Farm | 10 | |
| Barracks | 1 | |
| Blacksmith | 1 | |
| Arcane Vault | 1 | |
| Lumber Mill | 1 | |
| Keep | 1 | |
| Scout Tower | 8 | |
| Guard Tower | 6 | |
| Castle | 1 | |
| Arcane Sanctum | 1 | |
32 total
» build order
00:36 Altar of Kings
00:51 Farm
01:07 Barracks
01:22 Blacksmith
01:35 Farm
02:52 Arcane Vault
03:12 Farm
03:30 Lumber Mill
03:55 Farm
04:05 Keep
04:14 Scout Tower
04:45 Farm
04:53 Guard Tower
05:05 Scout Tower
05:41 Farm
05:58 Guard Tower
06:06 Scout Tower
07:45 Castle
07:47 Guard Tower
08:23 Arcane Sanctum
08:48 Scout Tower
09:40 Guard Tower
09:46 Scout Tower
09:58 Farm
10:27 Guard Tower
10:52 Farm
13:14 Farm
13:47 Scout Tower
14:20 Farm
14:49 Guard Tower
14:54 Scout Tower
20:42 Scout Tower
» items
| Scroll of Regeneration | 2 | |
| Scroll of Town Portal | 1 | |
3 total

»
Surgeon (
orange | 60 APM | 1308 actions | 21:48)
3 Far Seer
2 Feral Spirit
1 Chain Lighting
3 Tauren Chieftain
2 Endurance Aura
1 Shockwave
» actions
| Assign group hotkey | 18 | |
| Build / train | 57 | |
| Enter build submenu | 16 | |
| Enter hero's abilities submenu | 6 | |
| Give item / drop item | 7 | |
| Remove unit from queue | 1 | |
| Right click | 567 | |
| Select / deselect | 272 | |
| Select group hotkey | 310 | |
| Use ability | 54 | |
1308 total
» units
» upgrades
| Armor | 3 | |
| Berserker Strength | 1 | |
| Melee Weapons | 3 | |
| Pulverize | 1 | |
8 total
» buildings
| Altar of Storms | 1 | |
| Orc Burrow | 8 | |
| Barracks | 1 | |
| Voodoo Lounge | 1 | |
| War Mill | 1 | |
| Stronghold | 1 | |
| Fortress | 1 | |
| Great Hall | 1 | |
| Tauren Totem | 2 | |
17 total
» build order
00:09 Altar of Storms
00:24 Orc Burrow
00:53 Barracks
01:28 Orc Burrow
02:49 Orc Burrow
03:15 Voodoo Lounge
04:13 War Mill
04:30 Stronghold
07:24 Fortress
08:18 Great Hall
09:58 Tauren Totem
10:04 Tauren Totem
10:07 Orc Burrow
11:05 Orc Burrow
11:33 Orc Burrow
13:19 Orc Burrow
14:16 Orc Burrow
» items
| Healing Salve | 4 | |
| Scroll of Speed | 1 | |
| Potion of Healing | 1 | |
| Scroll of Town Portal | 2 | |
| Potion of Lesser Invulnerability | 1 | |
| Scroll of Healing | 1 | |
| Boots of Speed | 1 | |
| Scroll of Protection | 1 | |
12 total
conmaster (
teal | 36 APM | 825 actions | 22:36)
4 Paladin
1 Holy Light
2 Divine Shield
1 Devotion Aura
» actions
| Basic commands | 84 | |
| Build / train | 97 | |
| ESC pressed | 1 | |
| Enter build submenu | 32 | |
| Enter hero's abilities submenu | 4 | |
| Give item / drop item | 2 | |
| Right click | 196 | |
| Select / deselect | 328 | |
| Use ability | 81 | |
825 total
» units
| Peasant | 27 | |
| Footman | 11 | |
| Rifleman | 5 | |
| Knight | 7 | |
50 total
» upgrades
| Masonry | 3 | |
| Lumber Harvesting | 2 | |
| Defend | 1 | |
| Swords | 1 | |
| Plating | 1 | |
| Animal War Training | 1 | |
9 total
» buildings
| Lumber Mill | 1 | |
| Altar of Kings | 1 | |
| Farm | 7 | |
| Barracks | 2 | |
| Scout Tower | 16 | |
| Guard Tower | 9 | |
| Arcane Tower | 4 | |
| Keep | 1 | |
| Arcane Vault | 1 | |
| Town Hall | 3 | |
| Blacksmith | 1 | |
| Castle | 1 | |
47 total
» build order
00:24 Lumber Mill
00:36 Altar of Kings
00:52 Farm
01:33 Farm
01:45 Barracks
02:14 Barracks
02:38 Farm
02:53 Scout Tower
03:23 Guard Tower
03:26 Scout Tower
03:32 Farm
03:53 Arcane Tower
04:31 Scout Tower
04:46 Scout Tower
04:52 Scout Tower
05:18 Guard Tower
05:21 Scout Tower
05:23 Guard Tower
05:29 Scout Tower
05:41 Keep
05:51 Guard Tower
05:55 Scout Tower
05:58 Guard Tower
06:07 Arcane Vault
06:36 Town Hall
06:43 Guard Tower
08:08 Blacksmith
08:21 Castle
10:33 Farm
11:21 Scout Tower
11:37 Scout Tower
11:39 Scout Tower
11:41 Scout Tower
11:56 Guard Tower
12:02 Scout Tower
12:07 Arcane Tower
12:10 Arcane Tower
12:17 Guard Tower
13:11 Scout Tower
13:43 Arcane Tower
14:16 Scout Tower
14:31 Farm
14:52 Scout Tower
15:04 Town Hall
15:41 Guard Tower
16:22 Farm
19:10 Town Hall
» items
| Scroll of Regeneration | 1 | |
| Mechanical Critter | 2 | |
| Lesser Clarity Potion | 5 | |
| Staff of Teleportation | 1 | |
| Scroll of Protection | 2 | |
| Potion of Lesser Invulnerability | 2 | |
| Potion of Healing | 1 | |
| Orb of Fire | 1 | |
| Scroll of Town Portal | 2 | |
17 total
team 2 (winner)

»
sJ.Sh[a]RkS- (
purple | 58 APM | 1318 actions | 22:37)
6 Death Knight
3 Death Coil
2 Unholy Aura
1 Animate Dead
5 Lich
3 Frost Nova
2 Frost Armor
» actions
| Assign group hotkey | 25 | |
| Basic commands | 190 | |
| Build / train | 75 | |
| Enter build submenu | 20 | |
| Enter hero's abilities submenu | 11 | |
| Give item / drop item | 1 | |
| Right click | 340 | |
| Select / deselect | 218 | |
| Select group hotkey | 365 | |
| Use ability | 73 | |
1318 total
» units
| Acolyte | 12 | |
| Ghoul | 5 | |
| Crypt Fiend | 15 | |
| Obsidian Statue | 3 | |
35 total
» upgrades
| Creature Attack | 3 | |
| Creature Carapace | 3 | |
| Web | 1 | |
| Destroyer Form | 1 | |
8 total
» buildings
| Graveyard | 1 | |
| Crypt | 1 | |
| Altar of Darkness | 1 | |
| Ziggurat | 9 | |
| Tomb of Relics | 1 | |
| Halls of the Dead | 2 | |
| Necropolis | 1 | |
| Black Citadel | 1 | |
| Nerubian Tower | 1 | |
| Spirit Tower | 1 | |
| Slaughterhouse | 2 | |
21 total
» build order
00:13 Graveyard
00:19 Crypt
00:43 Altar of Darkness
00:48 Ziggurat
01:03 Tomb of Relics
01:30 Ziggurat
03:24 Ziggurat
03:56 Halls of the Dead
03:56 Halls of the Dead
05:05 Necropolis
07:47 Ziggurat
07:49 Ziggurat
07:57 Ziggurat
07:59 Ziggurat
08:47 Black Citadel
09:13 Ziggurat
09:59 Nerubian Tower
10:00 Spirit Tower
10:04 Ziggurat
11:21 Slaughterhouse
11:23 Slaughterhouse
» items
| Rod of Necromancy | 1 | |
| Potion of Healing | 1 | |
| Scroll of Town Portal | 2 | |
| Scroll of Healing | 1 | |
5 total
STARWARSJEDI. (
red | 49 APM | 1100 actions | 22:38)
5 Blood Mage
3 Flame Strike
2 Siphon Mana
» actions
| Assign group hotkey | 35 | |
| Basic commands | 27 | |
| Build / train | 88 | |
| Enter build submenu | 21 | |
| Enter hero's abilities submenu | 8 | |
| Give item / drop item | 1 | |
| Remove unit from queue | 3 | |
| Right click | 295 | |
| Select / deselect | 202 | |
| Select group hotkey | 304 | |
| Use ability | 116 | |
1100 total
» units
| Peasant | 9 | |
| Goblin Shredder | 2 | |
| Sorceress | 7 | |
| Mortar Team | 9 | |
27 total
» upgrades
| Masonry | 3 | |
| Lumber Harvesting | 1 | |
| Sorceress Training | 2 | |
| Gunpowder | 3 | |
| Magic Sentry | 1 | |
| Flare | 1 | |
| Fragmentation Shards | 1 | |
| Barrage | 1 | |
| Priest Training | 2 | |
15 total
» buildings
| Altar of Kings | 1 | |
| Farm | 9 | |
| Scout Tower | 3 | |
| Arcane Tower | 1 | |
| Keep | 1 | |
| Lumber Mill | 1 | |
| Arcane Vault | 1 | |
| Castle | 1 | |
| Arcane Sanctum | 2 | |
| Blacksmith | 1 | |
| Town Hall | 2 | |
| Workshop | 4 | |
| Guard Tower | 1 | |
28 total
» build order
00:23 Altar of Kings
00:42 Farm
01:30 Scout Tower
01:40 Farm
02:02 Arcane Tower
02:26 Keep
02:30 Lumber Mill
02:42 Arcane Vault
02:47 Farm
04:29 Farm
04:33 Farm
06:16 Castle
06:28 Arcane Sanctum
07:03 Blacksmith
07:59 Town Hall
08:10 Town Hall
08:13 Scout Tower
08:14 Scout Tower
08:30 Workshop
08:33 Workshop
08:51 Guard Tower
11:04 Farm
11:05 Farm
13:02 Arcane Sanctum
17:24 Workshop
17:27 Workshop
20:08 Farm
» items
| Scroll of Regeneration | 2 | |
| Ivory Tower | 5 | |
| Potion of Healing | 1 | |
| Potion of Mana | 3 | |
| Lesser Clarity Potion | 1 | |
| Scroll of Town Portal | 4 | |
| Potion of Invisibility | 1 | |
17 total
sc0rcher27 (
blue | 57 APM | 1286 actions | 22:37)
6 Lich
3 Frost Nova
2 Dark Ritual
1 Death and Decay
» actions
| Assign group hotkey | 16 | |
| Basic commands | 36 | |
| Build / train | 60 | |
| Enter build submenu | 17 | |
| Enter hero's abilities submenu | 6 | |
| Give item / drop item | 1 | |
| Right click | 557 | |
| Select / deselect | 294 | |
| Select group hotkey | 231 | |
| Use ability | 68 | |
1286 total
» units
| Acolyte | 3 | |
| Ghoul | 7 | |
| Necromancer | 13 | |
| Meatwagon | 6 | |
| Obsidian Statue | 2 | |
31 total
» upgrades
| Cannibalize | 1 | |
| Unholy Armor | 3 | |
| Skeletal Longevity | 1 | |
| Necromancer Training | 2 | |
| Unholy Strength | 3 | |
| Exhume Corpses | 1 | |
| Skeletal Mastery | 1 | |
| Disease Cloud | 1 | |
13 total
» buildings
| Altar of Darkness | 1 | |
| Crypt | 1 | |
| Ziggurat | 6 | |
| Graveyard | 1 | |
| Nerubian Tower | 1 | |
| Halls of the Dead | 1 | |
| Spirit Tower | 1 | |
| Tomb of Relics | 1 | |
| Temple of the Damned | 2 | |
| Slaughterhouse | 1 | |
| Black Citadel | 1 | |
17 total
» build order
00:27 Altar of Darkness
00:33 Crypt
00:37 Ziggurat
01:24 Ziggurat
01:58 Graveyard
02:39 Nerubian Tower
03:05 Halls of the Dead
03:28 Spirit Tower
04:46 Ziggurat
04:54 Tomb of Relics
05:01 Ziggurat
05:53 Temple of the Damned
06:22 Temple of the Damned
06:34 Ziggurat
07:08 Slaughterhouse
08:21 Ziggurat
08:27 Black Citadel
» items
| Staff of Teleportation | 1 | |
| Potion of Healing | 1 | |
| Scroll of Town Portal | 2 | |
| Orb of Corruption | 1 | |
5 total
just_like_that (
green | 41 APM | 928 actions | 22:37)
6 Demon Hunter
2 Immolation
3 Evasion
1 Metamorphosis
5 Priestess of the Moon
3 Trueshot Aura
2 Scout
» actions
| Assign group hotkey | 13 | |
| Basic commands | 3 | |
| Build / train | 115 | |
| ESC pressed | 6 | |
| Enter build submenu | 28 | |
| Enter hero's abilities submenu | 12 | |
| Give item / drop item | 1 | |
| Right click | 213 | |
| Select / deselect | 237 | |
| Select group hotkey | 210 | |
| Use ability | 90 | |
928 total
» units
| Wisp | 54 | |
| Archer | 7 | |
| Chimaera | 17 | |
| Hippogryph | 2 | |
| Goblin Shredder | 1 | |
81 total
» upgrades
| Strength of the Wild | 3 | |
| Reinforced Hides | 4 | |
| Ultravision | 1 | |
| Well Spring | 1 | |
| Corrosive Breath | 1 | |
10 total
» buildings
| Altar of Elders | 2 | |
| Moon Well | 9 | |
| Ancient of War | 1 | |
| Tree of Ages | 1 | |
| Tree of Life | 3 | |
| Ancient of Wonders | 2 | |
| Hunter's Hall | 1 | |
| Tree of Eternity | 1 | |
| Ancient of Wind | 2 | |
| Chimaera Roost | 4 | |
26 total
» build order
00:09 Altar of Elders
00:11 Moon Well
00:31 Ancient of War
01:39 Moon Well
02:09 Moon Well
02:46 Moon Well
03:03 Moon Well
03:58 Tree of Ages
04:28 Tree of Life
05:05 Moon Well
05:40 Ancient of Wonders
05:46 Hunter's Hall
06:20 Tree of Eternity
07:03 Ancient of Wind
08:57 Chimaera Roost
09:26 Chimaera Roost
09:44 Moon Well
11:35 Moon Well
16:40 Tree of Life
18:14 Moon Well
18:20 Tree of Life
19:48 Ancient of Wonders
19:54 Ancient of Wind
21:03 Chimaera Roost
21:06 Chimaera Roost
21:09 Altar of Elders
» items
Chat log
(00:12 / All) STARWARSJEDI.: THE GREAT BAMBINO, THE GREAT BAMBINO SLUGGING AWAY
(00:51 / Allies) sJ.Sh[a]RkS-: thank you
(01:00 / Allies) just_like_that: dh potm
(01:02 / Allies) just_like_that: chims
(01:08 / All) sc0rcher27: who wants butt pounding?
(01:08 / Allies) sJ.Sh[a]RkS-: fiend stat dest
(01:13 / Allies) just_like_that: HITnRUN stat
(01:29 / All) conmaster: i love cocks !!!
(01:36 / Allies) sc0rcher27: necs wagons
(01:59 / All) conmaster: any to sucl on?
(02:13 / All) sc0rcher27: i dont know this word, sucl
(02:28 / All) conmaster: you know cocks?
(02:28 / All) sc0rcher27: what is this verb u speak of?
(03:10 / All) conmaster: that is what happemned when sucking too much cocks
(03:47 / All) STARWARSJEDI.: teal shut up nigga god damn
(04:03 / All) conmaster: i want some cocks now
(06:25 / All) conmaster: where are the cocks!!!!!!
(08:06 / Allies) STARWARSJEDI.: some people are arrogant pricks
(10:18 / Allies) just_like_that: lubmer plz
(10:36 / Allies) sc0rcher27: gold please
(11:28 / Allies) sc0rcher27: purple run to me
(12:29 / Allies) sJ.Sh[a]RkS-: leave it
(12:52 / Allies) sJ.Sh[a]RkS-: b
(12:53 / Allies) sJ.Sh[a]RkS-: b
(12:53 / Allies) sJ.Sh[a]RkS-: b
(12:53 / Allies) sJ.Sh[a]RkS-: b
(12:54 / Allies) sJ.Sh[a]RkS-: b
(12:54 / Allies) sJ.Sh[a]RkS-: b
(12:54 / Allies) sJ.Sh[a]RkS-: b
(13:23 / Allies) just_like_that: lumber?
(13:35 / Allies) just_like_that: ty ty
(13:42 / Allies) sc0rcher27: lets hit
(14:58 / Allies) STARWARSJEDI.: im taking out ojs hall
(15:00 / Allies) STARWARSJEDI.: dont go in too fa
(15:01 / Allies) STARWARSJEDI.: r
(16:37 / Allies) STARWARSJEDI.: ill force tp
(18:15 / Allies) STARWARSJEDI.: b
(18:17 / Allies) sc0rcher27: thx for the coil purple
(18:19 / Allies) STARWARSJEDI.: bvn
(18:20 / Allies) STARWARSJEDI.: nvm
(21:54 / All) STARWARSJEDI.: gg niggas